 Dungeon Sprint DCSS version 0.24-a0-378-g94936e539c (webtiles) character file.

Game seed: 10998898462634020008

1817 Freyura the Basher (level 8, 0/69 HPs)
             Began as a Demonspawn Fighter on June 1, 2019.
             Was an Elder of Makhleb.
             Killed themself with a badly aimed orb of electricity (25 damage)
             ... in the Dungeon (Sprint IX: "|||||||||||||||||||||||||||||").
             The game lasted 00:06:29 (731 turns).

Freyura the Basher (Demonspawn Fighter)              Turns: 731, Time: 00:06:30

Health: 0/69       AC: 10    Str: 17    XL:     8   Next: 85%
Magic:  13/13      EV: 15    Int: 10    God:    Makhleb [****..]
Gold:   0          SH: 11    Dex: 14    Spells: 7/7 levels left

rFire    . . .     SeeInvis .   n - +4 morningstar (crush)
rCold    . . .     Gourm    .   c - +0 shield
rNeg     . . .     Faith    .   p - +1 scale mail
rPois    .         Spirit   .   (no helmet)
rElec    .         Reflect  .   o - +0 cloak
rCorr    .         Harm     .   (no gloves)
MR       .....     NoTele   +   (no boots)
Stlth    ..........             (no amulet)
HPRegen  0.21/turn              (no ring)
MPRegen  0.13/turn              (no ring)

@: no status effects
A: hooves 2, repulsion field 2
a: Minor Destruction, Lesser Servant of Makhleb, Major Destruction, Renounce
Religion


You were in the Dungeon.
You worshipped Makhleb.
Makhleb was greatly pleased with you.
You were not hungry.

You visited 1 branch

Inventory:

Hand Weapons
 n - a +4 morningstar of crushing (weapon)
Armour
 c - a +0 shield (worn)
 o - a +0 cloak (worn)
 p - a +1 scale mail (worn)
Wands
 m - a wand of iceblast (9)
Scrolls
 j - 5 scrolls of remove curse
 k - 2 scrolls of blinking
 l - 2 scrolls of amnesia
 q - 2 scrolls of fog
Potions
 b - a potion of agility
 d - a potion of invisibility
 e - 8 potions of curing
 g - 2 potions of heal wounds
 h - a potion of haste
 i - 4 potions of magic
Comestibles
 a - a chunk of flesh


   Skills:
 + Level 8.6 Fighting
 * Level 10.3 Maces & Flails
 + Level 7.7 Armour
 + Level 7.0 Dodging
 + Level 7.8 Shields
 + Level 7.0 Invocations


You had 7 spell levels left.
You didn't know any spells.
Your spell library was empty.

Dungeon Overview and Level Annotations

Branches:
Dungeon (1/1)

Altars:
Cheibriados
Dithmenos
Elyvilon
Fedhas
Gozag
Hepliaklqana
Kikubaaqudgha
Makhleb
Nemelex Xobeh
Okawaru
Qazlal
Ru
Sif Muna
Trog
Uskayaw
Vehumet
Wu Jian
Xom
Yredelemnul
Zin
The Shining One
Beogh
Jiyva
Lugonu


Innate Abilities, Weirdness & Mutations

You have hoof-like feet.
You are surrounded by a moderate repulsion field. (EV +3)


Message History

The seven-headed hydra barely misses you.
You block the seven-headed hydra's attack. x2
The seven-headed hydra bites you but does no damage.
The seven-headed hydra bites you. x2
Your scale mail prevents you from hitting the seven-headed hydra.
You kick the seven-headed hydra!
The seven-headed hydra is lightly wounded.
The seven-headed hydra bites you!
You block the seven-headed hydra's attack.
The seven-headed hydra bites you but does no damage.
The seven-headed hydra bites you!
The seven-headed hydra closely misses you. x2
The seven-headed hydra bites you.
Press: ? - help, Shift-Dir - straight line, f - seven-headed hydra
Aim: a seven-headed hydra (lightly wounded)
The orb of electricity explodes!
The orb of electricity engulfs the seven-headed hydra!!
The seven-headed hydra is heavily wounded.
The orb of electricity engulfs you!!
You die...

▓.▓.▓.▓
▓.▓.▓)▓
▓.▓.▓(▓
▓.▓.▓(▓
▓'▓.▓.▓
▓_▓.▓.▓
▓_▓.▓.▓
▓_▓.▓.▓
▓_▓.▓@▓
▓_▓.▓D▓
▓_▓.▓r▓
▓_▓.▓l▓
▓_▓.▓t▓
▓_▓.▓.▓
▓_▓.▓.▓
▓_▓.▓.▓
▓_▓.▓


You could see a seven-headed hydra, a basilisk, a crocodile and a porcupine.

Vanquished Creatures
  A hydra (D)
  A hippogriff (D)
  A hungry ghost (D)
  A soldier ant (D)
  A water moccasin (D)
  A phantom (D)
  A black bear (D)
  A wolf (D)
  A crocodile (D)
  A centaur (D)
  2 crimson imps (D)
  A hound (D)
  An orc wizard (D)
  An iguana (D)
  2 worker ants (D)
  2 orcs (D)
  A bat skeleton (D)
  A giant cockroach (D)
  A goblin (D)
  A jackal (D)
  A quokka (D)
  A quokka skeleton (D)
  2 rats (D)
27 creatures vanquished.

Notes
Turn   | Place    | Note
-------+----------+-------------------------------------------
     0 | D        | Freyura the Demonspawn Fighter began the quest for the Orb.
     0 | D        | Reached XP level 1. HP: 18/18 MP: 1/1
     4 | D        | Reached skill level 2 in Maces & Flails
   119 | D        | Noticed a hound
   119 | D        | Noticed a phantom
   121 | D        | Killed a hound
   121 | D        | Reached skill level 3 in Maces & Flails
   121 | D        | Reached skill level 1 in Dodging
   121 | D        | Gained mutation: You have large cloven feet. [demonic
                  | ancestry]
   121 | D        | Reached XP level 2. HP: 25/25 MP: 2/2
   121 | D        | Reached XP level 3. HP: 30/30 MP: 3/3
   176 | D        | Killed a phantom
   176 | D        | Reached skill level 5 in Maces & Flails
   176 | D        | Reached XP level 4. HP: 16/38 MP: 4/4
   367 | D        | Found a roughly hewn altar of Beogh.
   367 | D        | Found a snail-covered altar of Cheibriados.
   367 | D        | Found a shadowy altar of Dithmenos.
   367 | D        | Found a white marble altar of Elyvilon.
   367 | D        | Found a blossoming altar of Fedhas.
   367 | D        | Found an opulent altar of Gozag.
   368 | D        | Found a hazy altar of Hepliaklqana.
   369 | D        | Found a viscous altar of Jiyva.
   370 | D        | Found an ancient bone altar of Kikubaaqudgha.
   371 | D        | Found a corrupted altar of Lugonu.
   372 | D        | Found a burning altar of Makhleb.
   373 | D        | Found a sparkling altar of Nemelex Xobeh.
   374 | D        | Found an iron altar of Okawaru.
   375 | D        | Found a stormy altar of Qazlal.
   376 | D        | Found a sacrificial altar of Ru.
   377 | D        | Found a deep blue altar of Sif Muna.
   378 | D        | Found a bloodstained altar of Trog.
   379 | D        | Found a hide-covered altar of Uskayaw.
   380 | D        | Became a worshipper of Makhleb the Destroyer
   381 | D        | Found a radiant altar of Vehumet.
   382 | D        | Found an ornate altar of the Wu Jian Council.
   383 | D        | Found a shimmering altar of Xom.
   384 | D        | Found a basalt altar of Yredelemnul.
   385 | D        | Found a glowing silver altar of Zin.
   386 | D        | Found a glowing golden altar of the Shining One.
   429 | D        | Noticed a centaur
   429 | D        | Noticed a soldier ant
   434 | D        | Reached skill level 5 in Fighting
   434 | D        | Gained mutation: You are surrounded by a mild repulsion
                  | field. (EV +2) [demonic ancestry]
   434 | D        | Reached XP level 5. HP: 44/44 MP: 5/5
   439 | D        | Killed a centaur
   439 | D        | Reached * piety under Makhleb
   439 | D        | Reached skill level 6 in Maces & Flails
   439 | D        | Reached skill level 5 in Armour
   439 | D        | Reached skill level 5 in Shields
   444 | D        | Killed a soldier ant
   444 | D        | Reached skill level 7 in Maces & Flails
   444 | D        | Gained mutation: You are surrounded by a moderate repulsion
                  | field. (EV +3) [demonic ancestry]
   444 | D        | Reached XP level 6. HP: 40/52 MP: 6/6
   477 | D        | Reached ** piety under Makhleb
   477 | D        | Reached skill level 1 in Invocations
   554 | D        | Noticed a five-headed hydra
   554 | D        | Noticed a hungry ghost
   555 | D        | Reached skill level 5 in Dodging
   560 | D        | Killed a five-headed hydra
   560 | D        | Reached skill level 9 in Maces & Flails
   560 | D        | Reached skill level 5 in Invocations
   560 | D        | Gained mutation: You have hoof-like feet. [demonic
                  | ancestry]
   560 | D        | Reached XP level 7. HP: 33/61 MP: 6/11
   560 | D        | Reached XP level 8. HP: 37/68 MP: 6/12
   577 | D        | Reached *** piety under Makhleb
   710 | D        | Noticed a hippogriff
   711 | D        | Noticed a seven-headed hydra
   716 | D        | Reached **** piety under Makhleb
   721 | D        | Reached skill level 10 in Maces & Flails
   728 | D        | Killed a hippogriff
   731 | D        | Killed themself with a badly aimed orb of electricity

Levels and vault maps discovered:
D:        linesprint [early_d, line_temple, items_1, d_10, items_2, lair_1,
          lair_end, items_3, orc_1, orc_end, items_4, d_15, swamp_1, shoals_1,
          snake_1, spider_1, d_20, vaults_1, items_5, swamp_end, shoals_end,
          snake_end, spider_end, vaults_end, d_27, items_6, zot_1, zot_end,
          crypt_end, forest_end, elf_end, slime_end, tomb_end, abyss_end,
          pan_hell_end]

Skill      XL: |  1  2  3  4  5  6  7  8 |
---------------+-------------------------+-----
Maces & Flails | 3 5 7 9 10 | 10.3
Shields        | 3 4 5 7 |  7.8
Fighting       | 4 5 6 7 8 |  8.6
Armour         | 3 4 5 7 |  7.7
Dodging        | 1 3 4 6 7 |  7.0
Invocations    | 5 7 |  7.0

Action                   |  1- 3 |  4- 6 |  7- 9 || total
-------------------------+-------+-------+-------++-------
Melee: Flail             |    39 |       |       ||    39
       Kick              |    10 |    16 |    10 ||    36
       Morningstar       |       |    48 |    38 ||    86
Evoke: Wand              |       |     1 |       ||     1
  Use: Potion            |     2 |     1 |       ||     3
       Scroll            |       |       |     2 ||     2
  Eat: Ration            |       |       |     1 ||     1
       Chunk             |       |       |     1 ||     1
Armor: Scale mail        |     5 |    10 |    15 ||    30
Dodge: Dodged            |     8 |    18 |    16 ||    42
Block: Shield            |    18 |    27 |    16 ||    61

Table legend:
 A = Non-vault XP
 B = Vault XP
 C = Vault XP percentage of total XP
 D = Non-vault monster count
 E = Vault monster count
 F = Vault count percentage of total count
                 A         B        C        D         E       F
            +---------+---------+-------+---------+---------+-------
      Total |       0 |    2596 | 100.0 |       0 |      27 | 100.0
            +---------+---------+-------+---------+---------+-------
          D |       0 |    2596 | 100.0 |       0 |      27 | 100.0
            +---------+---------+-------+---------+---------+-------
